Map: Dusk Towers

Players

capac

  • Race: Terran Terran
  • League: Gold

WTFôÔFTW - Winner!

  • Race: Protoss Protoss
  • League: Gold

VOD

Have the link to the VOD?

Description

Time

  • Played on: March 4, 2016, 3:17 p.m.
  • Length: 25:12
Show
View Real Time Build Order
Export as new Build Order

capac Terran 

Build Orders:  

Get SALT Encoding   

  12  0:00  SCV  
  13  0:13  SCV  
  14  0:18  Supply Depot  
  14  0:25  SCV  
  15  0:40  SCV  
  16  0:43  Barracks  
  16  0:49  Refinery  
  16  0:52  SCV  
  17  1:07  SCV  
  18  1:33  SCV  
  18  1:38  Command Center  
  19  1:44  Barracks Reactor  
  19  1:56  Orbital Command  
  19  2:00  Supply Depot  
  18  2:20  Factory  
  18  2:22  Marine x2  
  20  2:27  Refinery  
  20  2:28  SCV  
  21  2:40  Marine x2, SCV  
  24  2:53  Orbital Command, SCV  
  25  3:02  Marine  
  25  3:03  Factory Tech Lab  
  25  3:05  SCV  
  27  3:09  Marine  
  28  3:17  SCV  
  29  3:23  Siege Tank  
  29  3:24  Marine  
  33  3:29  Marine  
  33  3:30  SCV x2  
  36  3:42  SCV  
  36  3:43  SCV  
  36  3:45  Marine  
  39  3:56  Barracks  
  39  3:58  Starport  
  39  4:02  SCV x2  
  41  4:06  Supply Depot  
  41  4:10  Engineering Bay  
  41  4:11  Marine x2  
  41  4:13  Siege Tank  
  46  4:30  Marine x2  
  48  4:33  Supply Depot  
  48  4:39  SCV x2  
  48  4:40  Barracks  
  48  4:41  Barracks  
  48  4:43  Refinery  
  50  4:48  Missile Turret  
  50  4:50  Marine x2  
  52  4:59  Barracks Tech Lab  
  52  5:02  Starport Reactor  
  52  5:08  SCV x2  
  52  5:09  Supply Depot, Marine x2  
  52  5:12  Siege Tank  
  59  5:20  SCV x2  
  61  5:26  Stimpack  
  61  5:28  Marine  
  62  5:30  Marine x4  
  62  5:34  Supply Depot  
  67  5:35  SCV  
  67  5:38  SCV  
  68  5:46  Medivac  
  70  5:55  Barracks Reactor  
  70  5:56  Barracks Reactor, Medivac  
  72  6:01  Supply Depot, Marine x2, Missile Turret  
  72  6:02  Marine  
  75  6:06  Siege Tank  
  75  6:10  Terran Infantry Weapons Level 1  
  78  6:18  Refinery  
  78  6:23  SCV x2, Medivac  
  82  6:26  Supply Depot  
  82  6:33  Supply Depot  
  82  6:49  Command Center  
  75  6:55  Liberator  
  52  7:13  Missile Turret  
  50  7:19  Marine x3  
  52  7:32  Missile Turret  
  52  7:41  Siege Tank  
  39  8:32  Missile Turret  
  39  8:38  Command Center  
  39  8:46  Marine x4  
  39  8:47  Marine x2  
  45  9:03  Liberator  
  45  9:04  Liberator  
  45  9:19  Siege Tank  
  45  9:22  Supply Depot, Marine x2  
  45  9:23  Marine  
  57  9:31  Marine x2  
  59  9:49  Marine x3  
  59  9:50  Marine x3  
  65  9:54  SCV  
  66  10:08  Missile Turret  
  66  10:10  Marine x2  
  68  10:33  Marine x3  
  68  10:34  Marine x3  
  74  10:36  SCV  
  74  11:30  Supply Depot  
  57  12:09  Marine  
  57  12:10  Marine x6  
  57  12:12  Medivac x2  
  57  12:22  Siege Tank  
  60  12:23  SCV  
  60  12:25  Orbital Command  
  60  12:27  Marine  
  62  12:35  SCV  
  63  12:46  Marine x2  
  63  12:47  Marine x3  
  63  12:49  SCV  
  69  13:00  Medivac  
  69  13:01  Medivac  
  73  13:13  Marine x5  
  73  13:14  Marine  
  73  13:18  SCV  
  73  13:19  SCV  
  81  13:30  Marine, SCV  
  81  13:31  Marine x3, SCV  
  81  13:34  Medivac  
  89  13:48  Marine x4  
  91  13:49  Marine  
  91  13:51  Marine  
  94  14:07  Supply Depot  
  94  14:08  Marine, Siege Tank, Medivac x2  
  102  14:11  Supply Depot  
  102  14:59  Command Center  
  102  15:00  Marine x3  
  102  15:01  Marine x4  
  102  15:04  Missile Turret  
  102  15:05  Supply Depot  
  109  15:19  Combat Shields  
  109  15:21  Marine  
  109  15:22  Marine x2  
  109  15:24  SCV  
  109  15:27  SCV  
  114  15:39  Missile Turret  
  114  15:47  Liberator  
  114  15:50  Siege Tank  
  114  15:53  SCV  
  121  16:27  SCV x2  
  121  16:30  Siege Tank  
  121  16:32  Missile Turret  
  126  16:41  Orbital Command  
  126  16:51  Liberator  
  126  16:54  Missile Turret  
  126  17:00  SCV  
  127  17:10  Refinery  
  127  17:14  Refinery  
  130  17:20  SCV x2  
  130  17:22  SCV  
  133  17:32  SCV  
  134  17:40  Marine x2  
  134  17:41  Marine x5  
  141  18:05  Supply Depot  
  141  18:06  Supply Depot  
  141  18:10  Liberator x2  
  141  18:27  Marine x7, SCV  
  141  18:28  SCV  
  156  18:36  Command Center  
  156  18:43  Supply Depot  
  156  18:48  Supply Depot  
  156  18:53  Liberator  
  156  18:54  Liberator  
  156  19:04  Starport  
  156  19:07  Supply Depot  
  156  19:15  Missile Turret  
  161  19:27  Marine  
  161  19:28  Marine x6  
  168  19:42  Supply Depot  
  168  19:44  Starport Reactor  
  168  19:45  Marine  
  169  20:02  Orbital Command  
  169  20:06  Viking  
  170  20:07  Viking  
  171  20:13  Armory  
  173  20:20  Missile Turret  
  173  20:22  Viking x2  
  177  20:39  Viking x2  
  181  20:49  Terran Infantry Armor Level 1  
  181  20:54  Viking  
  183  21:21  Siege Tank  
  186  21:36  Viking x3  
  137  22:51  Marine x3  
  137  22:52  Marine x2  
  140  23:09  Marine x5  
  143  23:27  Marine x5  
  145  23:44  Marine  
  145  23:45  Marine x4  
  150  24:02  Marine x2  
  150  24:03  Marine  
  153  24:23  Marine  
  153  24:24  Marine x2  
Show
View Real Time Build Order
Export as new Build Order

WTFôÔFTW Protoss - Winner!

Build Orders: Dark Templar Rush 

Get SALT Encoding   

  12  0:01  Probe (Chrono Boost)  
  13  0:12  Probe (Chrono Boost)  
  14  0:19  Pylon  
  14  0:22  Probe (Chrono Boost)  
  15  0:37  Probe (Chrono Boost)  
  16  0:43  Gateway  
  16  0:48  Probe (Chrono Boost)  
  17  0:58  Probe (Chrono Boost)  
  17  1:01  Gateway  
  18  1:08  Pylon  
  18  1:09  Probe (Chrono Boost)  
  19  1:19  Probe (Chrono Boost)  
  20  1:27  Assimilator  
  20  1:30  Probe (Chrono Boost), Cybernetics Core  
  21  1:40  Probe (Chrono Boost)  
  21  1:50  Assimilator  
  21  1:51  Probe (Chrono Boost)  
  22  1:59  Pylon  
  22  2:01  Probe (Chrono Boost)  
  22  2:03  Gateway  
  23  2:12  Probe (Chrono Boost)  
  24  2:16  Gateway  
  25  2:23  Probe (Chrono Boost)  
  25  2:28  Gateway  
  25  2:31  Warp Gate  
  26  2:37  Probe (Chrono Boost)  
  26  2:41  Pylon  
  26  2:48  Twilight Council  
  26  3:00  Probe (Chrono Boost)  
  26  3:05  Pylon  
  26  3:22  Nexus  
  26  3:27  Probe (Chrono Boost)  
  27  3:34  Dark Shrine  
  27  3:38  Probe (Chrono Boost)  
  28  3:49  Probe (Chrono Boost)  
  29  4:02  Nexus  
  29  4:09  Nexus  
  29  4:13  Pylon  
  29  4:20  Probe (Chrono Boost)  
  30  4:31  Probe (Chrono Boost)  
  31  4:33  Robotics Facility  
  31  4:35  Pylon  
  31  4:41  Probe x2 (Chrono Boost)  
  33  4:52  Probe (Chrono Boost)  
  33  4:59  Dark Templar  
  35  5:00  Dark Templar  
  35  5:04  Dark Templar  
  39  5:09  Dark Templar  
  39  5:13  Probe (Chrono Boost)  
  39  5:14  Probe (Chrono Boost)  
  43  5:18  Pylon  
  43  5:21  Probe (Chrono Boost)  
  43  5:24  Assimilator  
  44  5:28  Assimilator  
  44  5:29  Probe (Chrono Boost)  
  44  5:30  Probe (Chrono Boost)  
  47  5:37  Warp Prism (Chrono Boost)  
  47  5:42  Probe  
  49  5:46  Mothership Core  
  51  5:50  Probe  
  51  5:54  Probe  
  53  6:06  Probe  
  53  6:09  Probe, Observer (Chrono Boost)  
  53  6:10  Probe  
  57  6:17  Probe  
  58  6:20  Probe  
  58  6:22  Probe  
  60  6:27  Probe, Warp Prism (Chrono Boost)  
  60  6:30  Probe  
  64  6:34  Probe  
  64  6:38  Probe  
  66  6:41  Probe  
  66  6:46  Probe  
  68  6:48  Probe  
  68  6:51  Probe  
  68  6:53  Stalker x2  
  72  6:54  Stalker  
  72  6:55  Dark Templar x2  
  72  6:58  Probe  
  72  6:59  Probe  
  74  7:02  Probe  
  73  7:11  Probe  
  74  7:35  Dark Templar x4  
  74  7:36  Dark Templar  
  84  7:43  Dark Templar x4  
  84  7:44  Probe x2, Dark Templar  
  84  7:45  Probe  
  84  7:49  Assimilator  
  87  7:53  Assimilator  
  87  7:55  Pylon  
  87  7:58  Forge  
  77  8:01  Forge  
  70  8:26  Dark Templar x4  
  72  8:28  Dark Templar  
  74  8:34  Probe  
  74  8:35  Probe  
  74  8:36  Probe  
  74  8:38  Protoss Ground Weapons Level 1  
  77  8:48  Gateway  
  77  8:49  Gateway  
  77  8:52  Gateway  
  77  8:53  Gateway  
  77  8:54  Pylon  
  75  8:57  Gateway  
  75  8:58  Pylon  
  75  9:00  Pylon  
  67  9:19  Adept x3  
  67  9:20  Adept x2  
  67  9:22  Probe  
  78  9:30  Gateway  
  78  9:32  Gateway  
  78  9:34  Probe, Immortal (Chrono Boost)  
  78  9:35  Gateway  
  78  9:37  Pylon  
  83  9:38  Pylon  
  83  9:40  Pylon  
  83  9:43  Probe x2  
  85  9:46  Probe  
  86  9:53  Probe  
  86  9:54  Probe  
  88  10:04  Probe  
  89  10:08  Immortal (Chrono Boost)  
  89  10:10  Adept x3  
  89  10:11  Nexus, Adept x6  
  89  10:12  Adept  
  89  10:14  Pylon, Assimilator  
  113  10:16  Probe, Pylon x2  
  113  10:18  Assimilator  
  114  10:29  Pylon  
  108  10:36  Templar Archives, Dark Templar x3  
  108  10:37  Dark Templar x2  
  108  10:40  Archon x2  
  108  10:42  Immortal (Chrono Boost)  
  117  10:44  Stalker x3  
  117  10:47  Stalker  
  123  10:50  Stalker  
  82  11:24  Stalker x5  
  82  11:25  Stalker x4  
  82  11:35  Dark Templar  
  82  11:39  Dark Templar  
  84  11:46  Probe  
  84  11:47  Probe  
  65  12:03  Dark Templar  
  53  12:14  Probe  
  53  12:15  Probe  
  53  12:25  Probe  
  53  12:27  Probe  
  55  12:35  Probe  
  56  12:51  Dark Templar x4  
  64  13:08  Probe  
  64  13:09  Probe  
  66  13:18  Probe  
  66  13:21  Probe  
  66  13:22  Probe  
  69  13:29  Probe  
  69  13:32  Probe  
  69  13:33  Probe  
  71  13:35  Nexus  
  71  13:39  Probe  
  71  13:40  Pylon  
  73  13:43  Probe  
  73  13:44  Dark Templar  
  73  13:45  Probe  
  73  13:47  Dark Templar  
  79  13:50  Probe  
  79  13:53  Probe, Pylon  
  79  13:55  Assimilator  
  81  13:57  Probe  
  81  14:00  Probe  
  83  14:04  Probe  
  85  14:10  Probe  
  85  14:21  Probe x2  
  85  14:22  Probe  
  88  14:30  Robotics Bay, Robotics Facility  
  88  14:34  Probe  
  88  14:35  Pylon  
  89  14:49  Probe  
  89  14:50  Probe x2  
  89  14:51  Probe  
  93  14:54  Nexus  
  93  14:59  Pylon  
  93  15:00  Probe  
  93  15:03  Probe, Pylon  
  93  15:05  Assimilator  
  93  15:06  Dark Templar  
  97  15:08  Dark Templar  
  97  15:10  Assimilator  
  97  15:12  Dark Templar  
  101  15:14  Dark Templar  
  99  15:36  High Templar  
  99  15:37  High Templar  
  99  15:38  High Templar x3  
  109  15:43  Psionic Storm, Zealot x2  
  109  15:44  Zealot x4  
  109  15:45  Zealot  
  123  15:58  Probe  
  124  16:06  Colossus  
  124  16:08  Probe  
  131  16:14  Probe x3  
  131  16:15  Probe  
  135  16:19  Probe  
  135  16:24  Probe  
  135  16:25  Probe x2  
  136  16:28  Probe, Colossus  
  136  16:29  Probe  
  136  16:31  Extended Thermal Lance (Chrono Boost)  
  147  16:35  Probe x3, Zealot x4  
  147  16:36  Zealot x2  
  162  16:41  Charge (Chrono Boost)  
  162  16:48  Stalker x2  
  162  16:49  Stalker  
  162  16:51  Probe  
  169  17:02  Probe  
  169  17:06  Nexus  
  170  17:08  Pylon  
  170  17:20  Dark Templar x4  
  170  17:21  Dark Templar  
  180  17:22  Zealot  
  180  17:23  Zealot x3  
  180  17:25  Zealot  
  180  17:26  Pylon  
  190  17:45  Colossus (Chrono Boost)  
  176  18:06  Colossus (Chrono Boost)  
  182  18:17  Stalker x2  
  182  18:18  Stalker x5  
  182  18:19  Stalker  
  198  18:21  Stalker  
  200  18:28  Blink  
  200  18:40  Assimilator  
  200  18:44  Assimilator  
  200  19:26  Nexus  
  200  19:29  Pylon  
  200  19:32  Pylon  
  200  19:34  Pylon  
  200  19:36  Assimilator  
  200  19:42  Assimilator  
  200  19:52  Nexus  
  200  19:55  Gateway  
  200  19:57  Pylon  
  200  20:05  Photon Cannon  
  200  20:07  Photon Cannon  
  200  20:09  Photon Cannon  
  200  20:12  Photon Cannon  
  200  20:14  Photon Cannon  
  200  20:16  Photon Cannon  
  200  20:19  Pylon  
  200  20:22  Pylon  
  200  20:25  Pylon  
  200  20:35  Pylon  
  200  20:42  Pylon  
  200  20:43  Pylon  
  200  20:48  Pylon  
  200  21:00  Mothership Core  
  198  21:21  Observer x2 (Chrono Boost)  
  200  21:26  Pylon  
  200  21:29  Pylon  
  200  21:32  Pylon  
  200  21:34  Photon Cannon  
  200  21:35  Photon Cannon  
  200  21:36  Photon Cannon  
  200  21:39  Photon Cannon  
  200  21:41  Photon Cannon  
  200  21:42  Photon Cannon  
  200  21:45  Photon Cannon  
  200  21:46  Photon Cannon  
  200  21:48  Photon Cannon  
  200  21:50  Photon Cannon  
  200  21:53  Photon Cannon  
  200  21:54  Photon Cannon  
  200  21:55  Photon Cannon  
  104  22:30  Dark Templar  
  104  22:31  Dark Templar  
  104  22:32  Dark Templar  
  104  22:33  Dark Templar x6  
  104  22:34  Dark Templar x3  
  104  22:35  Dark Templar  
  80  22:53  Colossus x2 (Chrono Boost)  
  80  22:56  High Templar  
  93  23:10  High Templar x5  
  93  23:11  High Templar x5  
  93  23:12  High Templar x2  
  117  23:28  Probe  
  117  23:30  Probe  
  119  23:39  Colossus (Chrono Boost)  
  119  23:40  Colossus (Chrono Boost)  
  131  23:52  Stalker x4  
  131  23:53  Stalker x3  
  131  23:54  Stalker x2  
  131  23:55  Stalker x4  
  153  23:56  Probe  
  158  24:04  Gateway x2  
  158  24:06  Gateway  
  158  24:07  Gateway  
  158  24:08  Gateway  
  158  24:12  Gateway  
  158  24:14  Gateway  
  158  24:15  Stalker  
  158  24:16  Stalker x3  
  158  24:17  Stalker x3, Gateway  
  168  24:18  Stalker  
  168  24:19  Stalker x4, Gateway  
  168  24:20  Stalker  
  168  24:21  Pylon  
  184  24:26  Colossus (Chrono Boost)  
  196  24:50  Stalker  
  196  24:51  Stalker  
Tags
 
Add a new tag
Caveats
  • Supply blocks, unpowered buildings, or Contaminate may cause inaccurate times.
  • Supply counts are checked every 10 seconds.